 Dungeon Crawl Stone Soup version 0.25.0-26-g0c896c7088 (webtiles) character file.

Game seed: 14117468650836360313

412 protoss039 the Covert (level 6, -8/36 HPs)
             Began as a Vampire Assassin on July 3, 2020.
             Mangled by a gnoll
             ... wielding a +3 halberd of distortion
              (23 damage)
             ... on level 4 of the Dungeon.
             The game lasted 00:05:20 (2910 turns).

protoss039 the Covert (Vampire Assassin)            Turns: 2910, Time: 00:05:21

Health: -8/36      AC:  5    Str: 10    XL:     6   Next: 59%
Magic:  6/6        EV: 13    Int: 13    God:
Gold:   211        SH:  0    Dex: 18    Spells: 5/5 levels left

rFire    + . .     SeeInvis +   l - +3 short sword
rCold    + + +     Gourm    .   (no shield)
rNeg     + + +     Faith    .   s - +2 robe {rC+ rF+}
rPois    ∞         Spirit   .   (no helmet)
rElec    .         Reflect  .   r - +0 cloak {MR+}
rCorr    .         Harm     .   (no gloves)
MR       +....                  (no boots)
Stlth    +++++++...             (no amulet)
HPRegen  0.00/turn              (no ring)
MPRegen  0.10/turn              (no ring)

@: bloodless
A: no food, fangs 3, see invisible, unbreathing
a: Bat Form, Revivify


You were on level 4 of the Dungeon.
You were bloodless.

You visited 1 branch of the dungeon, and saw 4 of its levels.

You collected 211 gold pieces.

Inventory:

Hand Weapons
 l - a +3 short sword (weapon)
Missiles
 d - 17 poisoned darts (quivered)
 e - 2 curare-tipped darts
Armour
 r - a +0 cloak of magic resistance (worn)
 s - a +2 robe of resistance (worn)
Jewellery
 b - an uncursed ring of magical power {unknown}
 h - an uncursed ring of magical power {unknown}
 i - an uncursed ring of flight {unknown}
 w - a +4 ring of evasion {unknown}
Scrolls
 f - 2 scrolls of identify {unknown}
 g - a scroll of fear {unknown}
 n - 2 scrolls of amnesia {unknown}
 o - a scroll of enchant weapon {unknown}
 p - 2 scrolls of remove curse {unknown}
 q - a scroll of immolation {unknown}
 u - a scroll of teleportation
 x - a scroll of fog {unknown}
Potions
 a - 2 potions of degeneration {unknown}
 c - a potion of brilliance {unknown}
 j - 2 potions of flight {unknown}
 k - a potion of stabbing {unknown}
 m - 4 potions of curing {unknown}
 t - a potion of mutation {unknown}
 v - 2 potions of resistance {unknown}


   Skills:
 + Level 2.6 Fighting
 + Level 4.4 Short Blades
 - Level 1.5 Throwing
 + Level 2.4 Dodging
 + Level 9.7 Stealth


You had 5 spell levels left.
You didn't know any spells.
Your spell library was empty.

Dungeon Overview and Level Annotations

Branches:
Dungeon (4/15)
 Temple: D:4-7

Altars:

Portals:
Abyss: D:4

Annotations:
D:4 1 transporter, MisterFreud's ghost, amateur OpEE


Innate Abilities, Weirdness & Mutations

You do not eat.
You do not regenerate when monsters are visible.
You are frail without blood (-20% HP).
You can heal yourself when you bite living creatures.
You are immune to poison.
You have razor-sharp teeth.
You have supernaturally acute eyesight. (SInv)
You can survive without breathing.


Message History

The gnoll is heavily wounded.
Unknown command.
You closely miss the gnoll.
The gnoll is heavily wounded.
The gnoll hits you but does no damage. Space bends around you.
Unknown command.
You completely miss the gnoll.
The gnoll is heavily wounded.
The gnoll hits you with a +3 halberd of distortion!
Unknown command.
You hit the gnoll.
The gnoll is heavily wounded.
Unknown command.
Okay, then.
You hit the gnoll. You bite the gnoll, but do no damage.
The gnoll is severely wounded.
The gnoll hits you with a +3 halberd of distortion.
Space warps horribly around you!!
Ouch! That really hurt!
You die...

........####..#
.#...#..#?.W.#
........##.##.
.#.......##### #
###.##.......### x#
.. #.
###......#.##.#...[
#.
#..###..##..©#....
#+#...##.##.©#©#
....# ..##.##@#
..... #.#.###.^g.#
..... ## # ..^^..#
.... #.?#^#...
..###..###. #.# #.#
# ## ### ...


You could see a small abomination (dormant) and a gnoll.

Vanquished Creatures
  Sigmund (D:3)
  A sky beast (D:2)
  Jessica (D:3)
  Terence (D:3)
  Robin (D:3)
  2 adders (D:2)
  2 dart slugs (D:1)
  2 leopard geckos (D:3)
  A giant cockroach (D:2)
  18 goblins
  9 hobgoblins
  2 jackals (D:1)
  3 quokkas
  3 ball pythons
  7 bats
  10 frilled lizards
  8 kobolds
  6 rats
78 creatures vanquished.

Notes
Turn   | Place    | Note
-------+----------+-------------------------------------------
     0 | D:1      | protoss039 the Vampire Assassin began the quest for the
                  | Orb.
     0 | D:1      | Reached XP level 1. HP: 16/16 MP: 1/1
    26 | D:1      | Reached skill level 6 in Stealth
   291 | D:1      | Reached XP level 2. HP: 22/22 MP: 2/2
   539 | D:2      | Reached skill level 7 in Stealth
   539 | D:2      | Reached XP level 3. HP: 27/27 MP: 3/3
   594 | D:2      | Noticed a sky beast
   603 | D:2      | Killed a sky beast
   603 | D:2      | Reached skill level 8 in Stealth
   603 | D:2      | Reached XP level 4. HP: 17/26 MP: 4/4
   772 | D:2      | Reached XP level 5. HP: 16/30 MP: 5/5
  1736 | D:2      | You fall into a shaft and drop 1 floor!
  1779 | D:3      | Noticed Sigmund
  1794 | D:3      | Killed Sigmund
  1794 | D:3      | Reached skill level 9 in Stealth
  1794 | D:3      | Reached XP level 6. HP: 29/36 MP: 6/6
  2020 | D:3      | Noticed Jessica
  2025 | D:3      | Killed Jessica
  2045 | D:3      | Noticed Robin
  2116 | D:3      | Killed Robin
  2650 | D:3      | Noticed Terence
  2657 | D:3      | Killed Terence
  2892 | D:4      | Found a one-way gate to the infinite horrors of the Abyss.
  2892 | D:4      | Noticed MisterFreud's ghost (amateur OpEE)
  2895 | D:4      | Found a transporter.
  2902 | D:4      | Found a transporter.
  2910 | D:4      | Mangled by a gnoll

Illustrated notes

Levels and vault maps discovered:
D:1:      co_arrival_square_in_a_square_in_a_square, layout_basic,
          minmay_pentomino_q4
D:2:      kennysheep_the_goblin_king, layout_basic, minmay_lizard_king
D:3:      layout_basic, uniq_jessica, uniq_terence, uniq_sigmund, uniq_robin
D:4:      layout_loops_corners, gammafunk_ghost_abyssal_escape, serial_shops,
          shop, nicolae_shop_statue_plus, shop, minmay_fractal_squares_gapless_5

Skill      XL: |  1  2  3  4  5 |
---------------+----------------+-----
Stealth        | 6 7 8 9 |  9.7
Fighting       | 2 |  2.6
Short Blades   | 3 4 |  4.4
Dodging        | 2 |  2.4
Throwing       | |  1.5

Action                   |  1- 3 |  4- 6 || total
-------------------------+-------+-------++-------
Melee: Dagger            |    40 |       ||    40
       Short sword       |    31 |   129 ||   160
       Bite              |     5 |     5 ||    10
Throw: Dart              |       |     2 ||     2
 Abil: Exsanguinate      |     1 |       ||     1
 Stab: Sleeping          |     7 |    17 ||    24
Armor: Robe              |    17 |    26 ||    43
Dodge: Dodged            |    42 |    61 ||   103
